 Dungeon Crawl Stone Soup version 0.16.1-14-g82efdee (webtiles) character file.

80 hulla the Changer (level 4, -1/28 HPs)
             Began as an Octopode Transmuter on Apr 12, 2015.
             Slain by a gnoll
             ... wielding a +0 spear
              (7 damage)
             ... on level 2 of the Dungeon.
             The game lasted 00:05:58 (2107 turns).

hulla the Changer (Octopode Transmuter)             Turns: 2107, Time: 00:05:58

Health: -1/28      AC:  2    Str:  9    XL:     4   Next: 39%
Magic:  4/7        EV: 19    Int: 16    God:
Gold:   160        SH:  0    Dex: 17    Spells: 3 memorised, 1 level left

rFire  . . .     SeeInvis .       - Unarmed
rCold  . . .     Clarity  .     (shield currently unavailable)
rNeg   . . .     SustAb   .     (helmet currently unavailable)
rPois  .         Gourm    .     i - amulet of rage
rElec  .         Spirit   .     o - ring of poison resistance
rCorr  .         Warding  .     (no ring)
rMut   .         Stasis   .     (no ring)
MR     .....                    (no ring)
Stlth  ++........               (no ring)
                                (no ring)
                                (no ring)
                                (no ring)

@: spider-form, not resistant to hostile enchantments, unstealthy
A: almost no armour, amphibious, 8 rings, (constrict 8), (camouflage 0),
(gelatinous body 0)
a: End Transformation, Evoke Berserk Rage


You were on level 2 of the Dungeon.
You were not hungry.
You were a venomous arachnid creature.
You visited 1 branch of the dungeon, and saw 3 of its levels.

You collected 160 gold pieces.

Inventory:

Hand weapons
 k - a +0 hunting sling
Missiles
 b - 38 arrows
 e - 8 sling bullets of flame
Jewellery
 i - an amulet of rage (around neck)
 o - a ring of poison resistance (left front leg)
Scrolls
 c - 8 scrolls of identify {unknown}
 g - a scroll of noise {unknown}
 l - 2 scrolls of enchant weapon {unknown}
Potions
 j - 2 potions of agility
 m - a potion of heal wounds {unknown}
 n - a potion of restore abilities {unknown}
 p - a potion of haste {unknown}
 q - a potion of might {unknown}
 r - 2 potions of mutation {unknown}
 s - a potion of invisibility {unknown}
Books
 d - a book of Changes

   Spells                             Type                      Level
   a - Beastly Appendage              Transmutation                1
   b - Sticks to Snakes               Transmutation                2
   c - Spider Form                    Transmutation/Poison         3
   d - Ice Form                       Ice/Transmutation            4
   e - Blade Hands                    Transmutation                5
Comestibles
 a - 3 bread rations
 h - a meat ration


   Skills:
 - Level 1.0 Fighting
 - Level 2.0 Dodging
 - Level 3.0 Unarmed Combat
 - Level 2.0 Spellcasting
 + Level 4.1 Transmutations
 + Level 1.9 Poison Magic


You had one spell level left.
You knew the following spells:

 Your Spells              Type           Power        Failure   Level  Hunger
a - Beastly Appendage     Trmt           ##....       14%         1    #......
b - Spider Form           Trmt/Pois      ##........   36%         3    ###....
c - Sticks to Snakes      Trmt           ##........   21%         2    ###....


Dungeon Overview and Level Annotations

Branches:
Dungeon (3/15)

Altars:


Innate Abilities, Weirdness & Mutations

You cannot wear most types of armour.
You are amphibious.
You can wear up to eight rings at the same time.
((You can use your tentacles to constrict many enemies at once.))
((Your skin changes colour to match your surroundings (Stealth).))
((Your rubbery body absorbs attacks (AC +1).))


Message History

You hear a shout! x2
The gnoll completely misses you. The gnoll hits you.
You climb upwards.
There is a stone staircase leading down here.
Unknown command.
You climb downwards.
The gnoll hits you.
There is a stone staircase leading up, spattered with blood here.
You can't go down here!
The gnoll hits you with a spear. The gnoll hits you.
* * * LOW HITPOINT WARNING * * *
You climb upwards.
There is a stone staircase leading down here.
The gnoll hits you from afar with a spear.
* * * LOW HITPOINT WARNING * * *
Casting: Spider Form
Confirm with . or Enter, or press ? or * to list all spells.
You turn into a venomous arachnid creature.
The gnoll barely misses you.
The gnoll hits you from afar with a spear!
You die...

#.........##.#
##.###
#.......#.##.#
#....#
#.......#..#.#
#....#
#..[....##.#.#
#....######
###.......##...#
#(...'..†..
#.....#######..#
#....######
#.....# #g.#
#....# #...).#
#.g# #....#
#.....# ##s#
###### #.....#
#.# #.....# #.#
##### #.....#
###.###### #....
#.....#
#........# #.###
#.....#
#........# #.#..
####'##
#........# #.#<)
#.# ###.######
#.### #.# #.#
#....


You could see 2 gnolls.

Vanquished Creatures
  2 adders (D:2)
  A giant mite (D:2)
  A worm (D:2)
  2 giant geckos (D:1)
  4 bats
  5 goblins
  4 hobgoblins
  9 jackals (D:2)
  A quokka (D:2)
  A giant cockroach (D:1)
  4 giant newts (D:1)
  5 kobolds
  8 rats (D:1)
47 creatures vanquished.

Notes
Turn   | Place    | Note
--------------------------------------------------------------
     0 | D:1      | hulla, the Octopode Transmuter, began the quest for the Orb.
     0 | D:1      | Reached XP level 1. HP: 13/13 MP: 3/3
   209 | D:1      | Reached XP level 2. HP: 15/18 MP: 4/4
   996 | D:1      | Reached XP level 3. HP: 23/23 MP: 4/6
  1001 | D:1      | Learned a level 3 spell: Spider Form
  1004 | D:1      | Learned a level 2 spell: Sticks to Snakes
  1316 | D:2      | Reached skill level 1 in Poison Magic
  1316 | D:2      | Reached XP level 4. HP: 19/28 MP: 0/7
  1425 | D:2      | Reached skill level 4 in Transmutations
  2107 | D:2      | Slain by a gnoll

Action                   |  1- 3 |  4- 6 || total
-------------------------+-------+-------++-------
Melee: Unarmed           |    72 |    26 ||    98
 Cast: Beastly Appendage |     6 |     2 ||     8
       Spider Form       |     3 |     4 ||     7
 Stab: Sleeping          |     4 |     1 ||     5
  Eat: Chunk             |     2 |     3 ||     5
